 Dungeon Crawl Stone Soup version 0.30-a0-859-gf88a04b62d (webtiles) character file.

Game seed: 16821518665856156771

70 Zenkrye the Poker (level 4, -1/35 HPs)
             Began as a Human Cinder Acolyte on Mar 6, 2023.
             Was a High Priest of Ignis.
             Slain by an ufetubus (3 damage)
             ... on level 4 of the Dungeon.
             The game lasted 00:04:33 (1824 turns).

Zenkrye the Poker (Human Cinder Acolyte)            Turns: 1824, Time: 00:04:34

Health: -1/35      AC:  8    Str: 22    XL:     4   Next: 44%
Magic:  5/5        EV:  7    Int: 15    God:    Ignis [*****.]
Gold:   79         SH:  2    Dex:  8    Spells: 3/5 levels left

rFire   + + .      SeeInvis .    a - -1 spear (flame)
rCold   . . .      Faith    .    v - +0 buckler
rNeg    . . .      Spirit   .    n - +0 chain mail
rPois   .          Reflect  .    (no helmet)
rElec   .          Rampage  .    (no cloak)
rCorr   .                        (no gloves)
Will    .....                    (no boots) Stlth
                                 (no amulet)
HPRegen 0.25/turn                f - ring of protection from fire
MPRegen 0.09/turn                g - +6 ring of strength

@: mighty, flying
A: no striking features
a: Renounce Religion, Fiery Armour, Foxfire Swarm, Rising Flame


You were on level 4 of the Dungeon.
You worshipped Ignis.
Ignis was extremely pleased with you.
You visited 1 branch of the dungeon, and saw 4 of its levels.

You collected 169 gold pieces.
You spent 90 gold pieces at shops.

Inventory:

Hand Weapons
 a - a -1 spear of flaming (weapon)
 h - a +0 sling
 l - a +0 spear
Missiles
 k - a throwing net {!f}
Armour
 b - a +0 robe
 d - a +0 scale mail
 n - a +0 chain mail (worn)
 s - a +0 helmet
 v - a +0 buckler (worn)
Jewellery
 f - a ring of protection from fire (left hand)
 g - a +6 ring of strength (right hand)
Scrolls
 i - a scroll of identify {@r1}
 q - a scroll of magic mapping {unknown}
 t - a scroll of brand weapon {unknown}
 u - a scroll of teleportation {@r3}
Potions
 c - 2 potions of lignification
 j - a potion of ambrosia {unknown}
 o - a potion of curing {unknown}
 p - a potion of heal wounds {unknown}
 r - a potion of attraction {unknown}


   Skills:
 - Level 3.0 Fighting
 * Level 4.9 Polearms
 + Level 0.0 Shields
 - Level 1.0 Spellcasting
 - Level 3.0 Fire Magic


You had 3 spell levels left.
You knew the following spells:

 Your Spells              Type           Power      Damage    Failure   Level
a - Scorch                Fire           18%        2d5       83%         2

Your spell library contained the following spells:

 Spells                   Type           Power      Damage    Failure   Level
 Gell's Gravitas          Tloc           0%         N/A       100%        3
 Teleport Other           Tloc           0%         N/A       100%        3
 Dispersal                Tloc           0%         N/A       100%        6


Dungeon Overview and Level Annotations

Branches:
Dungeon (4/15)
 Temple: D:4-7

Altars:
Elyvilon

Shops:
D:1 [   D:4 [


Message History

You are too injured to fight recklessly!
You are too injured to fight recklessly!
You are too injured to fight recklessly!
You are too injured to fight recklessly!
You barely miss the ufetubus.
The ufetubus hits you but does no damage.
The ufetubus hits you.
You closely miss the ufetubus. The ufetubus closely misses you.
The ufetubus hits you.
The ufetubus hits you but does no damage.
The ufetubus hits you.
* * * LOW HITPOINT WARNING * * *
You hit the ufetubus. You burn the ufetubus.
The ufetubus is moderately wounded.
The ufetubus barely misses you.
The ufetubus hits you but does no damage.
The ufetubus attacks as you move away! The ufetubus closely misses you.
You block the ufetubus's attack. The ufetubus completely misses you.
The ufetubus hits you but does no damage.
The ufetubus attacks as you move away! The ufetubus hits you.
* * * LOW HITPOINT WARNING * * *
The ufetubus barely misses you. You block the ufetubus's attack.
The ufetubus barely misses you. The ufetubus attacks as you move away!
You block the ufetubus's attack. The ufetubus hits you.
* * * LOW HITPOINT WARNING * * *
The ufetubus attacks as you move away! The ufetubus hits you.
* * * LOW HITPOINT WARNING * * *
The ufetubus hits you.
* * * LOW HITPOINT WARNING * * *
The ufetubus closely misses you.
The ufetubus hits you but does no damage.
It was a potion of might.
You feel very mighty all of a sudden.
You are no longer corroded.
The ufetubus closely misses you. You block the ufetubus's attack.
The ufetubus barely misses you. x2
It was a potion of flight.
You feel very buoyant.
You fly up into the air.
The ufetubus hits you.
You die...

#.......##.#
#......##..#
#......##.#
##........#
#...##..## ####
###.# #.## # ##.##
...# ##@# #..
.....#.5### #....
.......J..## #.....
###.###....##
#...... # #.....##
.......
#......###.......
_###....#..#.......
+###....###....#
#....# #..###


You could see a jelly and an ufetubus.

Vanquished Creatures
  3 gnolls (D:2)
  A worm (D:2)
  5 ball pythons
  3 endoplasms
  A giant cockroach (D:3)
  6 goblins
  A hobgoblin (D:1)
  6 kobolds
  A quokka (D:1)
  3 bats
  2 frilled lizards
  7 rats
39 creatures vanquished.

Notes
Turn   | Place    | Note
-------+----------+-------------------------------------------
     0 | D:1      | Zenkrye the Human Cinder Acolyte began the quest for the
                  | Orb.
     0 | D:1      | Reached XP level 1. HP: 18/18 MP: 2/2
   165 | D:1      | Reached XP level 2. HP: 24/24 MP: 3/3
   269 | D:1      | Found Alioh's Armour Boutique.
   305 | D:1      | Learned a level 2 spell: Scorch
   400 | D:1      | Reached skill level 4 in Polearms
   400 | D:1      | Reached XP level 3. HP: 25/29 MP: 4/4
   900 | D:2      | Reached XP level 4. HP: 32/35 MP: 3/5
  1483 | D:3      | Noticed an ice beast
  1731 | D:4      | Found Suppiw's Antique Armour Boutique.
  1751 | D:4      | Bought a buckler for 90 gold pieces
  1792 | D:4      | Found a white marble altar of Elyvilon.
  1821 | D:4      | HP: 1/35 [ufetubus (2)]
  1824 | D:4      | Slain by an ufetubus

Illustrated notes

Levels and vault maps discovered:
D:1:      wander_arrival_fairy_ring, layout_basic, serial_shops,
          nicolae_shop_hallway_plus, minmay_hexomino_u4
D:2:      layout_basic
D:3:      minmay_wonky_spiral, layout_rooms, nemelex_dance_club_becter
D:4:      layout_cave_pods, lemuel_doored_altar,
          nicolae_wu_jian_immortal_techniques, minmay_temple_entry_sparse_star,
          serial_shops, nicolae_stop_n_shop_2, uniq_sigmund

Skill      XL: |  1  2 |
---------------+-------+-----
Polearms       | 4 |  4.9
Fighting       | |  3.0
Spellcasting   | |  1.0
Fire Magic     | |  3.0

Action                     |  1- 3 |  4- 6 || total
---------------------------+-------+-------++-------
  Melee: Spear             |    89 |    55 ||   144
         Punch             |       |     1 ||     1
   Fire: Sling             |     1 |     2 ||     3
   Cast: Scorch            |     1 |       ||     1
    Use: Scroll            |       |     2 ||     2
         Potion            |       |     2 ||     2
 Armour: Robe              |     9 |       ||     9
         Scale mail        |     2 |     2 ||     4
         Chain mail        |       |    33 ||    33
  Dodge: Dodged            |    33 |    33 ||    66
  Block: Buckler           |       |     4 ||     4

Table legend: (Time is in decaauts)
 A = Elapsed time spent in this place.
 B = Non-inter-level travel time spent in this place.
 C = Inter-level travel time spent in this place.
 D = Time resting spent in this place.
 E = Time spent auto-exploring this place.
 F = Levels seen in this place.
 G = Mean time per level.
                   A        B        C        D        E       F      G
               +--------+--------+--------+--------+--------+-----+--------+
         Total |   1808 |   1644 |    164 |      0 |   1293 |   4 |  452.0 |
       Dungeon |   1808 |   1644 |    164 |      0 |   1293 |   4 |  452.0 |
               +--------+--------+--------+--------+--------+-----+--------+

Top non-repeatable levels by time:
     D:1: 815 daAuts
     D:2: 731 daAuts
     D:3: 169 daAuts
     D:4: 92 daAuts
